 Dungeon Crawl Stone Soup version 0.29.1 (webtiles) character file.

Game seed: 14573255517515513677

2 Artool the Ducker (level 1, 0/16 HPs)
             Began as a Demonspawn Gladiator on Sept 14, 2022.
             Slain by a jackal (2 damage)
             ... on level 1 of the Dungeon.
             The game lasted 00:00:19 (84 turns).

Artool the Ducker (Demonspawn Gladiator)              Turns: 84, Time: 00:00:20

Health: 0/16       AC:  4    Str: 14    XL:     1   Next: 33%
Magic:  1/1        EV: 12    Int:  9    God:
Gold:   15         SH:  0    Dex: 14    Spells: 0/0 levels left

rFire   . . .      SeeInvis .   a - +0 flail
rCold   . . .      Faith    .   (no shield)
rNeg    . . .      Spirit   .   b - +0 leather armour
rPois   .          Reflect  .   c - +0 helmet
rElec   .          Harm     .   (no cloak)
rCorr   .          Rampage  .   (no gloves)
Will    .....                   (no boots)
Stlth   +.........              (no amulet)
HPRegen 0.05/turn               (no ring)
MPRegen 0.07/turn               (no ring)

@: no status effects
A: no striking features
a: no special abilities


You were on level 1 of the Dungeon.
You visited 1 branch of the dungeon, and saw 1 of its levels.

You collected 15 gold pieces.

Inventory:

Hand Weapons
 a - a +0 flail (weapon)
Missiles
 d - 3 throwing nets (quivered)
 e - a javelin
Armour
 b - a +0 leather armour (worn)
 c - a +0 helmet (worn)
Scrolls
 f - a scroll of fear {unknown}


   Skills:
 + Level 2.0 Fighting
 + Level 2.7 Maces & Flails
 + Level 1.8 Throwing
 + Level 0.1 Armour
 + Level 2.7 Dodging


You couldn't memorise any spells.
You didn't know any spells.
Your spell library was empty.

Dungeon Overview and Level Annotations

Branches:
Dungeon (1/15)

Altars:


Message History

The jackal bites you but does no damage.
The ball python closely misses you. The ball python constricts you.
You closely miss the ball python. The ball python closely misses you.
The ball python constricts you.
A ball python comes into view.
You completely miss the ball python.
The ball python hisses angrily.
The jackal bites you but does no damage. x2
The ball python bites you but does no damage.
The ball python constricts you. The jackal bites you. x2
The ball python closely misses you. The ball python constricts you.
You closely miss the ball python.
The jackal bites you but does no damage. x2
The ball python barely misses you. The ball python constricts you.
The jackal closely misses you.
The jackal bites you but does no damage.
You closely miss the ball python. The ball python completely misses you.
The ball python constricts you. The jackal barely misses you.
The jackal closely misses you. The ball python barely misses you.
The ball python constricts you.
The jackal bites you but does no damage.
The jackal bites you.
You hit the ball python.
The ball python is heavily wounded.
The jackal bites you. The ball python bites you.
The ball python constricts you. The jackal closely misses you.
The jackal barely misses you.
You closely miss the ball python.
The ball python is heavily wounded.
The jackal bites you.
* * * LOW HITPOINT WARNING * * *
The ball python bites you.
* * * LOW HITPOINT WARNING * * *
The ball python constricts you.
The jackal bites you but does no damage. x2
The ball python barely misses you. The ball python constricts you.
You sock the ball python!
You kill the ball python!
The jackal bites you.
You die...

#.# #. ... ... #.## #.#
##.## #
#.?###...###...###.
#...#.....#.....#.. .
#....## ##.......## ...
#.....###....<....#
.....##h....#...........
#.hh@.....#####.#####
##S#.#.....###...###. ..
#.##.....#.....#.. ##
#.###.....#####...
#.####.....###....
#.##........#.....
#>...#....).......
#.#####........... #
############


You could see 3 jackals and a ball python.

Vanquished Creatures
  A ball python (D:1)
  A goblin (D:1)
  A jackal (D:1)
3 creatures vanquished.

Notes
Turn   | Place    | Note
-------+----------+-------------------------------------------
     0 | D:1      | Artool the Demonspawn Gladiator began the quest for the
                  | Orb.
     0 | D:1      | Reached XP level 1. HP: 16/16 MP: 1/1
    84 | D:1      | Slain by a jackal

Illustrated notes

Levels and vault maps discovered:
D:1:      onia_arrival_pyramid, layout_basic

Action                   || total
-------------------------++-------
Melee: Flail             ||    13
Armor: Leather armour    ||    10
Dodge: Dodged            ||    16
